 Dungeon Crawl Stone Soup version 0.18-a0-640-g2c992fa (webtiles) character file.

97108 zero the Executioner (level 15, -16/211 HPs)
             Began as a Minotaur Berserker on Dec 4, 2015.
             Was the Champion of Trog.
             Demolished by a titanic slime creature (54 damage)
             ... on level 13 of the Dungeon.
             The game lasted 00:32:24 (18171 turns).

zero the Executioner (Minotaur Berserker)          Turns: 18171, Time: 00:32:24

Health: -16/211    AC: 27    Str: 40    XL:     15   Next: 71%
Magic:  14/14      EV: 11    Int:  8    God:    Trog [******]
Gold:   2468       SH:  0    Dex: 10    Spells: 0 memorised, 14 levels left

rFire  . . .     SeeInvis .     J - +4 executioner's axe (vamp)
rCold  . . .     Clarity  .     Y - +6 scale mail "Mublath" {Regen+}
rNeg   . . .     SustAt   .     (shield currently unavailable)
rPois  .         Gourm    .     (helmet restricted)
rElec  .         Spirit   .     r - +2 cloak
rCorr  .         Dismiss  .     w - +2 pair of gloves
rMut   .         Stasis   .     i - +2 pair of boots
MR     +....                    (no amulet)
Stlth  ..........               m - ring "Faxkufy" {*Drain Str+4 Int+4}
                                M - +3 ring of strength

@: berserking, very quick, somewhat resistant to hostile enchantments, extremely
unstealthy
A: retaliatory headbutt, hooves 1, horns 2, blurry vision 1, MP-powered wands
a: Berserk, Trog's Hand, Brothers in Arms, Burn Spellbooks, Renounce Religion


You were on level 13 of the Dungeon.
You worshipped Trog.
Trog was exalted by your worship.
You were not hungry.

You visited 3 branches of the dungeon, and saw 25 of its levels.
You also visited: Ossuary and Ice Cave.

You collected 2580 gold pieces.
You spent 112 gold pieces at shops.

Inventory:

Hand Weapons
 f - a +3 antimagic battleaxe
 h - a +2 battleaxe of freezing
 o - a cursed -1 broad axe
 p - a +0 short sword
 q - the +5 battleaxe of Ruqoac {elec, MR- Str+2 SInv, unknown}
   (Trog gifted it to you on level 3 of the Orcish Mines)

   Occasionally, upon striking a foe, it will discharge some electrical energy
   and cause terrible harm.
   It affects your strength (+2).
   It affects your resistance to hostile enchantments.
   It lets you see invisible.
 J - a +4 vampiric executioner's axe (weapon)
 U - a +4 antimagic battleaxe
Missiles
 d - 30 poisoned needles
 e - 7 steel javelins (quivered)
Armour
 i - a +2 pair of boots (worn)
 r - a +2 cloak (worn)
 w - a +2 pair of gloves (worn)
 A - a +0 buckler
 N - a +2 plate armour
 Y - the +6 scale mail "Mublath" (worn) {Regen+}
   (You found it on level 8 of the Lair of Beasts)

   It increases your rate of regeneration.
Jewellery
 l - an uncursed ring of poison resistance
 m - the ring "Faxkufy" (right hand) {*Drain Str+4 Int+4}
   (You found it on level 8 of the Dungeon)

   [ring of strength]

   It affects your strength (+4).
   It affects your intelligence (+4).
   It causes draining when unequipped.
 y - an uncursed ring of see invisible
 H - an uncursed ring of flight
 L - an uncursed ring of sustain attributes
 M - a +3 ring of strength (left hand)
 S - an uncursed ring of protection from magic
Wands
 b - a wand of polymorph (9)
 k - a wand of flame (30)
 v - a wand of invisibility (5)
 P - a wand of hasting (5)
Scrolls
 t - 7 scrolls of remove curse
 x - 4 scrolls of fear
 D - 2 scrolls of fog
 K - a scroll of identify
 R - a scroll of recharging
Potions
 j - 3 potions of magic
 n - 6 potions of curing
 s - a potion of poison {unknown}
 u - 3 potions of agility
 z - a potion of haste
 B - a potion of brilliance {unknown}
 E - 2 potions of might
 F - 2 potions of heal wounds
 G - 3 potions of lignification
Books
 C - the Almanac of Orientation
   (You found it on level 13 of the Dungeon)

   Spells                             Type                      Level
   a - Shroud of Golubria             Charms/Translocation         2
   b - Warp Weapon                    Charms/Translocation         5
   c - Summon Forest                  Summoning/Translocation      5
   Trog disapproves of the use of such an item.
Comestibles
 a - 15 fruits
 c - 11 bread rations
 g - 9 meat rations


   Skills:
 + Level 15.4 Fighting
 - Level 22.7 Axes
 + Level 15.2 Armour
 - Level 2.1 Dodging


You had 14 spell levels left.
You didn't know any spells.

Dungeon Overview and Level Annotations

Branches:
Dungeon (13/15)              Lair (8/8) D:10          Swamp (0/4) Lair:5
  Snake (0/4) Lair:6        Slime (0/6) Lair:8          Orc (4/4) D:10
    Elf (0/3) Orc:3
 Temple: D:4-7       Vaults: D:13-14

Altars:
Cheibriados
Elyvilon
Fedhas
Makhleb
Nemelex Xobeh
Vehumet
Yredelemnul
Zin
The Shining One
Beogh
Jiyva

Shops:
D:8 }   Orc:4 ([*:

Annotations:
Lair:3 exclusion: 4 oklob plants


Innate Abilities, Weirdness & Mutations

You reflexively headbutt those who attack you in melee.
You have a pair of horns on your head.
You have large cloven feet.
Scrolls take you a little longer to read.
You expend magic power (3 MP) to strengthen your wands.


Message History

You slice the titanic slime creature!!
You feel better.
Your headbutt misses the titanic slime creature.
The titanic slime creature is almost dead.
The titanic slime creature misses you.
A titanic slime creature is nearby!
You slice the titanic slime creature!!
The titanic slime creature is almost dead.
The titanic slime creature hits you!!!
A titanic slime creature is nearby!
You hit the titanic slime creature.
You feel better.
The titanic slime creature is almost dead.
The titanic slime creature hits you!!
* * * LOW HITPOINT WARNING * * *
A titanic slime creature is nearby!
You are too injured to fight recklessly!
A titanic slime creature is nearby!
A red film seems to cover your vision as you go berserk!
You feel yourself moving faster!
You feel mighty!
You feel somewhat more hungry. The titanic slime creature hits you!!!
You die...

.. ##........ .... ....
.... .... ..... ...
..... #..... #...#
#..J### ##.@.###########
#..............##
#.................##
#....................###
#.......................
#....................###
#...................## #
###
#...................# #
... #..................#
##


You could see a titanic slime creature.

Vanquished Creatures
  Rupert (Orc:4)
  Kirke (Lair:6)
  3 orc warlords
  A stone giant (Orc:3)
  Nessos (Orc:3)
  6 hydras
  3 catoblepae (Lair:8)
  Erica (Lair:1)
  11 death yaks (Lair:8)
  A centaur warrior (D:13)
  5 orc high priests
  Urug (Lair:1)
  The ghost of Protee the Zephyrmancer, a novice TeAE of Vehumet (D:8)
  An unseen horror (D:12)
  A deep elf summoner (Orc:3)
  2 hill giants
  3 orc knights (Orc:4)
  6 orc sorcerers
  A griffon (D:12)
  4 oklob plants
  11 elephants
  5 black mambas
  A cyclops (D:12)
  3 ice statues (IceCv)
  A torpor snail (Lair:7)
  A centaur skeleton (D:13)
  16 spiny frogs
  8 komodo dragons
  A gargoyle (D:10)
  2 kobold demonologists (D:12)
  2 fire drakes (Lair:8)
  4 trolls
  2 tengu conjurers (D:13)
  A two-headed ogre (D:12)
  2 polar bears
  A slime creature (D:13)
  A boulder beetle (Lair:5)
  A troll (shapeshifter) (D:13)
  13 blink frogs
  4 deep elf fighters (Orc:3)
  2 deep elf magi
  2 hogs (Lair:6)
  54 yaks
  22 wolves
  4 vampire mosquitoes (D:12)
  3 basilisks
  8 hippogriffs
  2 hungry ghosts
  5 wargs
  2 nagas (Lair:6)
  11 porcupines
  15 water moccasins
  21 orc warriors
  18 ice beasts
  2 sky beasts
  2 phantoms
  2 black bears
  A wasp (D:13)
  5 ogres
  5 centaurs
  6 elf zombies (Ossuary)
  12 crocodiles
  20 giant frogs
  4 big kobolds
  A wyvern zombie (D:12)
  A wyvern skeleton (D:12)
  4 scorpions
  10 wights
  21 killer bees
  2 electric eels (Lair:4)
  2 crimson imps
  26 orc priests
  4 centaur zombies
  2 giant frog skeletons
  A giant frog zombie (D:10)
  13 iguanas
  A gnoll shaman (D:10)
  5 hounds
  A human zombie (Ossuary)
  9 jellies
  15 orc wizards
  3 quasits
  9 worker ants
  8 sheep
  2 big kobold zombies (Ossuary)
  A hound zombie (Ossuary)
  3 mummies (Ossuary)
  47 river rats
  7 adders
  6 gnolls
  15 oozes (Lair:4)
  An adder skeleton (D:4)
  2 worms (D:2)
  6 adder zombies
  168 orcs
  5 bats
  5 giant cockroaches
  A gnoll zombie (Ossuary)
  3 hobgoblins
  4 jackals
  4 quokkas
  2 ball pythons
  3 giant geckos
  A giant gecko zombie (D:8)
  5 giant newts
  4 goblins
  2 goblin zombies (Ossuary)
  2 hobgoblin zombies (Ossuary)
  12 kobolds
  3 kobold zombies (Ossuary)
  3 orc zombies (Ossuary)
  2 quokka zombies
  2 rats
  8 rat zombies (Ossuary)
  A bush (Lair:3)
  12 fungi
  6 plants
848 creatures vanquished.

Vanquished Creatures (collateral kills)
  An orc knight (Orc:4)
  An orc sorcerer (Orc:4)
  2 orc wizards (Orc:4)
  3 orc priests (Orc:4)
  2 orcs (Orc:4)
9 creatures vanquished.

Vanquished Creatures (others)
  A human (Lair:6)
  2 river rats (Lair:4)
  A giant gecko (D:5)
  7 fungi
  4 plants (Lair:4)
15 creatures vanquished.

Grand Total: 872 creatures vanquished

Notes
Turn   | Place    | Note
--------------------------------------------------------------
     0 | D:1      | zero the Minotaur Berserker began the quest for the Orb.
     0 | D:1      | Reached XP level 1. HP: 19/19 MP: 0/0
    25 | D:1      | Reached skill level 4 in Axes
    77 | D:1      | Reached XP level 2. HP: 21/26 MP: 1/1
   299 | D:2      | Found a white marble altar of Elyvilon.
   400 | D:2      | Reached ** piety under Trog
   400 | D:2      | Reached skill level 5 in Axes
   402 | D:2      | Found a snail-covered altar of Cheibriados.
   429 | D:2      | Reached XP level 3. HP: 15/31 MP: 2/2
   942 | D:4      | Noticed a centaur
   950 | D:4      | Killed a centaur
   950 | D:4      | Reached skill level 6 in Axes
   950 | D:4      | Reached XP level 4. HP: 34/39 MP: 3/3
   951 | D:4      | Reached skill level 7 in Axes
   951 | D:4      | Reached XP level 5. HP: 39/45 MP: 4/4
  1121 | D:4      | Found a glowing golden altar of the Shining One.
  1121 | D:4      | Found a glowing silver altar of Zin.
  1132 | D:5      | Entered Level 5 of the Dungeon
  1308 | D:6      | Reached skill level 8 in Axes
  1308 | D:6      | Reached XP level 6. HP: 44/51 MP: 5/5
  1363 | D:6      | Found a blossoming altar of Fedhas.
  1491 | D:6      | Reached skill level 9 in Axes
  1921 | D:6      | Reached XP level 7. HP: 46/57 MP: 6/6
  1996 | D:7      | Reached skill level 10 in Axes
  2049 | D:7      | Found a sand-covered staircase.
  2054 | Ossuary  | Entered an ossuary
  2270 | Ossuary  | Reached skill level 11 in Axes
  2520 | Ossuary  | Reached XP level 8. HP: 56/64 MP: 7/7
  2640 | Ossuary  | Reached skill level 12 in Axes
  2841 | D:7      | Found a sparkling altar of Nemelex Xobeh.
  2851 | D:7      | Reached skill level 13 in Axes
  2855 | D:7      | Reached *** piety under Trog
  3103 | D:8      | Noticed Protee's ghost (novice TeAE)
  3122 | D:8      | Killed Protee's ghost
  3122 | D:8      | Reached skill level 14 in Axes
  3122 | D:8      | Reached XP level 9. HP: 70/70 MP: 8/8
  3142 | D:8      | Got an ancient amber ring
  3174 | D:8      | Identified the ring "Faxkufy" {*Drain Str+4 Int+4} (You found it on level 8 of the Dungeon)
  3437 | D:8      | Found Umiedgh's Gadget Shop.
  3486 | D:8      | Found a blossoming altar of Fedhas.
  3571 | D:8      | Reached skill level 15 in Axes
  3855 | D:9      | Found a radiant altar of Vehumet.
  3997 | D:9      | Found a basalt altar of Yredelemnul.
  4154 | D:10     | Entered Level 10 of the Dungeon
  4208 | D:10     | Reached skill level 16 in Axes
  4312 | D:10     | Reached **** piety under Trog
  4377 | D:10     | Found a staircase to the Orcish Mines.
  4433 | D:10     | Found a staircase to the Lair.
  4436 | D:10     | Reached XP level 10. HP: 75/77 MP: 9/9
  4581 | D:10     | Noticed a hill giant
  4588 | D:10     | Killed a hill giant
  4588 | D:10     | Reached skill level 17 in Axes
  5060 | D:11     | Reached ***** piety under Trog
  5108 | D:11     | Found a frozen archway.
  5114 | D:11     | Reached skill level 18 in Axes
  5130 | IceCv    | Entered an ice cave
  5252 | IceCv    | Reached XP level 11. HP: 47/82 MP: 10/10
  5505 | D:11     | Reached skill level 19 in Axes
  6680 | Lair:1   | Entered Level 1 of the Lair of Beasts
  6884 | Lair:1   | Noticed Urug
  6894 | Lair:1   | Killed Urug
  6894 | Lair:1   | Reached skill level 20 in Axes
  7283 | Lair:1   | Found a burning altar of Makhleb.
  7429 | Lair:1   | Noticed Erica
  7436 | Lair:1   | Killed Erica
  7600 | Lair:2   | Reached skill level 21 in Axes
  7628 | Lair:2   | Reached XP level 12. HP: 48/90 MP: 11/11
  8257 | Lair:2   | Reached skill level 22 in Axes
  8257 | Lair:2   | Reached XP level 13. HP: 95/95 MP: 12/12
  8457 | Lair:2   | Reached skill level 5 in Fighting
  8684 | Lair:3   | Reached skill level 5 in Armour
  8900 | Lair:3   | Received a gift from Trog
  8912 | Lair:3   | Reached ****** piety under Trog
 10879 | Lair:5   | Received a gift from Trog
 10958 | Lair:5   | Found a staircase to the Swamp.
 11651 | Lair:6   | Reached XP level 14. HP: 119/119 MP: 4/13
 11658 | Lair:6   | Reached skill level 10 in Fighting
 11792 | Lair:6   | Noticed Kirke
 11801 | Lair:6   | Reached skill level 10 in Armour
 11804 | Lair:6   | Killed Kirke
 11839 | Lair:6   | Found a staircase to the Snake Pit.
 12355 | Lair:7   | Received a gift from Trog
 13316 | Lair:8   | Entered Level 8 of the Lair of Beasts
 13726 | Lair:8   | Received a gift from Trog
 13854 | Lair:8   | Got a smoking scale mail
 13865 | Lair:8   | Identified the +6 scale mail "Mublath" {Regen+} (You found it on level 8 of the Lair of Beasts)
 14027 | Lair:8   | Reached XP level 15. HP: 136/136 MP: 14/14
 14089 | Lair:8   | Found a viscous altar of Jiyva.
 14089 | Lair:8   | Found a staircase to the Slime Pits.
 14626 | Orc:1    | Entered Level 1 of the Orcish Mines
 14919 | Orc:4    | Entered Level 4 of the Orcish Mines
 15129 | Orc:2    | Found a roughly hewn altar of Beogh.
 15270 | Orc:2    | Received a gift from Trog
 15315 | Orc:3    | Found a staircase to the Elven Halls.
 15467 | Orc:4    | Noticed Rupert
 15586 | Orc:3    | Noticed Nessos
 15592 | Orc:3    | Killed Nessos
 15834 | Orc:4    | Killed Rupert
 15921 | Orc:4    | Gained mutation: You expend magic power (3 MP) to strengthen your wands. [a neqoxec]
 16116 | Orc:4    | Received a gift from Trog
 16182 | Orc:4    | Gained mutation: Scrolls take you a little longer to read. [a neqoxec]
 16183 | Orc:4    | Gained mutation: You have large cloven feet. [a neqoxec]
 16184 | Orc:4    | Found Offauv's General Store.
 16217 | Orc:4    | Found Vah Anar's Antique Armour Shoppe.
 16217 | Orc:4    | Found Raiv's Antique Weapon Shoppe.
 16218 | Orc:4    | Found Nano's Book Emporium.
 16222 | Orc:4    | Bought a scroll of enchant weapon for 112 gold pieces
 16763 | Orc:3    | Received a gift from Trog
 16767 | Orc:3    | Got a dazzling battleaxe {god gift}
 16780 | Orc:3    | Reached skill level 15 in Fighting
 17508 | D:12     | Found a blossoming altar of Fedhas.
 17749 | D:13     | Reached skill level 15 in Armour
 17979 | D:13     | Identified the Almanac of Orientation
 18171 | D:13     | Demolished by a titanic slime creature

Vault maps used:
D:1:      wheals_arrival_shading, serial_glass, glass_columns_a,
          glass_columns_c, glass_columns_b, st_stairs_8
D:2:      lemuel_crystal_altar, marbit_many_paths, fountainhead, tso_altar
D:4:      wad_woods_stonehenge, gammafunk_temple_overflow_pools, first_bread
D:5:      grunt_temple_overflow_open, minmay_temple_entry_fiery,
          lemuel_flamethrower_1, uniq_crazy_yiuf_cottage
D:6:      basic_altar, grunt_decor_cap
D:7:      overflow_temple_1_default, nemelex_deck, nicolae_ossuary_entry_plus
D:8:      grunt_temple_overflow_diamond, serial_shops, kennysheep_mini_moat,
          special_room, basic_altar
D:9:      lemuel_crystal_altar, old_standard_altar
D:10:     erik_lair_orcish_takeover, hiddenorc1_lemuel
D:11:     portal_ice_cave_entry_ice_beasts
D:12:     hangedman_tree_tricks, kennysheep_generic_room_13
D:13:     grunt_vaults_entry_tiered
Lair:1:   basic_altar, serial_bayou_shore_b, uniq_urug, uniq_erica
Lair:2:   grunt_megastairs_4
Lair:3:   dpeg_oklob_gauntlet
Lair:4:   lemuel_slime, st_stairs_8, disabler_island
Lair:5:   minmay_swamp_entry_reptiles
Lair:6:   minmay_lair_oklob_chamber, guppyfry_snake_entry_garden,
          lemuel_fruit_fields, serial_bayou_shore_a, uniq_kirke
Lair:7:   lemuel_fruit_tree, grunt_megastairs_2
Lair:8:   evilmike_catoblepas_cave, dpeg_slime_entry_enclosed_altar, st_stairs_8
Orc:2:    basic_altar
Orc:3:    nicolae_orc_pool_cavern, elf_legates, uniq_nessos
Orc:4:    st_orc_congregation, uniq_rupert
Ossuary:  minmay_ossuary_two_tombs
IceCv:    ice_cave_statue_garden_02

Action                   |  1- 3 |  4- 6 |  7- 9 | 10-12 | 13-15 || total
-------------------------+-------+-------+-------+-------+-------++-------
Melee: Hand axe          |    76 |    80 |   438 |       |       ||   594
       Battleaxe         |       |       |    25 |   321 |   350 ||   696
       Executioner's axe |       |       |       |       |   557 ||   557
Throw: Javelin           |       |       |       |       |     3 ||     3
Invok: Berserk           |     3 |     2 |     2 |     8 |    11 ||    26
       Trog's Hand       |       |       |     2 |     3 |     4 ||     9
       Burn Spellbooks   |       |       |       |     4 |     6 ||    10
       Brothers in Arms  |       |       |       |       |     1 ||     1
  Use: Scroll            |       |       |    12 |    17 |    13 ||    42
       Potion            |       |       |       |     1 |       ||     1
 Stab: Petrifying        |       |       |       |       |     2 ||     2
       Invisible         |       |       |       |       |     6 ||     6
  Eat: Chunk             |     1 |     3 |    16 |     9 |     6 ||    35
       Pizza             |     1 |       |       |       |     6 ||     7
       Beef jerky        |       |     1 |       |     1 |     5 ||     7
       Bread ration      |       |       |     1 |       |       ||     1
       Royal jelly       |       |       |       |     1 |       ||     1
       Meat ration       |       |       |       |     2 |     1 ||     3
       Fruit             |       |       |       |       |    21 ||    21
